 Dungeon Crawl Stone Soup version 0.29-a0-477-g62b78b4225 (webtiles) character file.

Game seed: 13586779872249681349

532780 dolemite99 the Impregnable (level 25, 0/259 (261) HPs)
             Began as a Hill Orc Fighter on May 24, 2022.
             Was an Initiate of Gozag.
             Slain by an ancient lich (5 damage)
             ... while paralysed by a dread lich
             ... on level 5 of the Realm of Zot.
             The game lasted 02:16:46 (92186 turns).

dolemite99 the Impregnable (Hill Orc Fighter)      Turns: 92186, Time: 02:16:47

HP:   0/259 (261)   AC: 31    Str: 34    XL:     25   Next: 70%
MP:   7/7           EV: -1    Int:  8    God:    Gozag
Gold: 974           SH:  0    Dex: 14    Spells: 22/24 levels left

rFire   + + +      SeeInvis +   T - +3 broad axe (antimagic)
rCold   + + .      Faith    .   K - +1 kite shield {AC+3}
rNeg    + + +      Spirit   .   e - +1 plate armour {rPois}
rPois   ∞          Reflect  .   t - +2 helmet
rElec   +          Harm     .   B - scarf {rC+ rF+}
rCorr   +          Rampage  .   u - +2 pair of gloves
Will    +....                   Q - +2 pair of boots {Fly}
Stlth   ..........              n - amulet of regeneration
HPRegen 1.33/turn               c - ring of protection from fire {=R}
MPRegen 0.10/turn               Y - ring of Generosity {rN+ Str+7 SInv}

@: paralysed, resistant, petrified, gold aura, flying, hasted and slowed,
constricted, lightly drained, invisible
A: deformed body, robust 1
}: 3/15 runes: decaying, silver, gossamer
a: Renounce Religion, Potion Petition, Call Merchant, Bribe Branch


You were on level 5 of the Realm of Zot.
You worshipped Gozag.
Gozag was pleased with you.
You visited 10 branches of the dungeon, and saw 51 of its levels.
You visited 1 bazaar.
You also visited: Sewer, Ossuary and Bailey.

You collected 30128 gold pieces.
You spent 2609 gold pieces at shops.
You paid 26545 gold pieces to Gozag.

Inventory:

Hand Weapons
 a - a +5 vampiric broad axe
 b - a +3 broad axe of flaming
 T - a +3 antimagic broad axe (weapon)
 V - a +0 mace
Missiles
 p - 4 throwing nets
 N - 2 javelins (quivered)
Armour
 e - a +1 plate armour of poison resistance (worn)
 t - a +2 helmet (worn)
 u - a +2 pair of gloves (worn)
 B - a scarf of resistance (worn)
 K - a +1 kite shield of protection (worn)
 Q - a +2 pair of boots of flying (worn)
Magical Staves
 w - a staff of air
Jewellery
 c - a ring of protection from fire (left hand) {=R}
 d - the ring "Uckou" {rN+++ Str-4 Int+4 SInv Stlth+}
   (You found it on level 3 of the Elven Halls)

   [ring of see invisible]

   Str:       It affects your strength (-4).
   Int:       It affects your intelligence (+4).
   rN:        It renders you almost immune to negative energy.
   SInv:      It lets you see invisible.
   Stlth:     It makes you more stealthy.
 h - the ring of Ylivvim {rC+ Str+10}
   (You took it off a skeletal warrior on level 1 of the Crypt)

   [ring of protection from cold]

   Str:       It affects your strength (+10).
   rC:        It protects you from cold.
 i - the ring of Fragile Peace {rC+ Will+}
   (You took it off a deep elf sorcerer on level 5 of the Vaults)

   [ring of willpower]

   rC:        It protects you from cold.
   Will:      It increases your willpower.
 j - the ring of Xuqas {rF+ rC+ Dex+3}
   (You found it on level 3 of the Elven Halls)

   [ring of protection from cold]

   Dex:       It affects your dexterity (+3).
   rF:        It protects you from fire.
   rC:        It protects you from cold.
 m - a ring of resist corrosion
 n - an amulet of regeneration (around neck)
 v - an amulet of reflection
 F - a ring of protection from fire
 Y - the ring of Generosity (right hand) {rN+ Str+7 SInv}
   (You acquired it on level 8 of the Dungeon)

   [ring of see invisible]

   Str:       It affects your strength (+7).
   rN:        It protects you from negative energy.
   SInv:      It lets you see invisible.
Wands
 C - a wand of mindburst (6)
 H - a wand of polymorph (23)
 M - a wand of charming (4)
 R - a wand of digging (34)
Scrolls
 g - 5 scrolls of blinking
 l - 5 scrolls of fog
 r - 9 scrolls of vulnerability
 y - 26 scrolls of teleportation
 G - 5 scrolls of fear
 I - 4 scrolls of magic mapping
 L - 3 scrolls of silence
 O - 2 scrolls of brand weapon
 W - 4 scrolls of poison
Potions
 f - 4 potions of mutation
 k - 2 potions of heal wounds
 o - 9 potions of haste
 s - 3 potions of magic
 z - 10 potions of curing
 D - 10 potions of cancellation
 E - 12 potions of ambrosia
 S - 4 potions of might
 U - 2 potions of resistance
 X - 9 potions of brilliance
 Z - 2 potions of berserk rage
Miscellaneous
 q - a phantom mirror
 x - a condenser vane
 A - a tin of tremorstones (2/2)
 J - a phial of floods
 P - a box of beasts


   Skills:
 - Level 22.0 Fighting
 - Level 17.8(18.0) Axes
 - Level 2.8(10.3) Maces & Flails
 - Level 14.2 Throwing
 - Level 22.8 Armour
 - Level 15.2 Dodging
 - Level 20.5 Shields
 + Level 10.1 Transmutations
 - Level 7.5 Earth Magic
 - Level 17.9 Evocations


You had 22 spell levels left.
You knew the following spells:

 Your Spells              Type           Power      Damage    Failure   Level
a - Passwall              Tmut/Erth      11%        N/A       7%          2

Your spell library contained the following spells:

 Spells                   Type           Power      Damage    Failure   Level
 Sting                    Tmut/Pois      32%        1d4       22%         1
 Petrify                  Tmut/Erth      14%        N/A       43%         4
 Spider Form              Tmut/Pois      8%         N/A       56%         3
 Blade Hands              Tmut           8%         N/A       61%         5
 Stone Arrow              Conj/Erth      12%        3d7       75%         3
 Ignite Poison            Fire/Tmut/Pois 5%         N/A       80%         3
 Apportation              Tloc           0%         N/A       87%         1
 Foxfire                  Conj/Fire      0%         2x1d4     87%         1
 Magic Dart               Conj           0%         1d3       87%         1
 Necrotize                Necr           0%         1d4       87%         1
 Summon Small Mammal      Summ           0%         N/A       87%         1
 Ice Form                 Ice/Tmut       8%         N/A       92%         4
 Lee's Rapid Deconstruct  Erth           6%         3d7*      92%         5
 Ensorcelled Hibernation  Hex/Ice        0%         N/A       95%         2
 Poisonous Vapours        Pois/Air       0%         N/A       95%         2
 Sublimation of Blood     Necr           0%         N/A       95%         2
 Animate Armour           Summ/Erth      12%        N/A       98%         4
 Call Canine Familiar     Summ           0%         N/A       99%         3
 Confusing Touch          Hex            0%         N/A       99%         3
 Conjure Flame            Conj/Fire      0%         6-21      99%         3
 Dazzling Flash           Conj/Hex       0%         N/A       99%         3
 Gell's Gravitas          Tloc           0%         N/A       99%         3
 Inner Flame              Hex/Fire       0%         N/A       99%         3
 Mephitic Cloud           Conj/Pois/Air  0%         N/A       99%         3
 Summon Guardian Golem    Hex/Summ       0%         N/A       99%         3
 Swiftness                Air            0%         N/A       99%         3
 Vampiric Draining        Necr           0%         2d6       99%         3
 Alistair's Intoxication  Tmut/Pois      5%         N/A       99%         5
 Irradiate                Conj/Tmut      4%         3d14      99%         5
 Yara's Violent Unravell  Hex/Tmut       4%         3d4       99%         5
 Cause Fear               Hex            0%         N/A       100%        4
 Dispel Undead            Necr           0%         3d6       100%        4
 Flame Wave               Conj/Fire      0%         2d4       100%        4
 Fulminant Prism          Conj/Hex       0%         3d6       100%        4
 Hailstorm                Conj/Ice       0%         3d3       100%        4
 Iskenderun's Mystic Bla  Conj/Tloc      0%         2d3       100%        4
 Olgreb's Toxic Radiance  Pois           0%         N/A       100%        4
 Sticky Flame             Conj/Fire      0%         2d3       100%        4
 Summon Ice Beast         Ice/Summ       0%         N/A       100%        4
 Summon Lightning Spire   Summ/Air       0%         N/A       100%        4
 Agony                    Necr           0%         N/A       100%        5
 Borgnjor's Vile Clutch   Necr/Erth      3%         N/A       100%        5
 Fireball                 Conj/Fire      0%         3d3       100%        5
 Freezing Cloud           Conj/Ice/Air   0%         6-21      100%        5
 Iskenderun's Battlesphe  Conj           0%         2d6       100%        5
 Summon Mana Viper        Hex/Summ       0%         N/A       100%        5
 Conjure Ball Lightning   Conj/Air       0%         3x3d6     100%        6
 Death Channel            Necr           0%         N/A       100%        6
 Eringya's Noxious Bog    Tmut/Pois      4%         N/A       100%        6
 Iron Shot                Conj/Erth      3%         9d2       100%        6
 Starburst                Conj/Fire      0%         6d3       100%        6
 Statue Form              Tmut/Erth      9%         N/A       100%        6
 Dragon Form              Tmut           8%         N/A       100%        7
 Enfeeble                 Hex            0%         N/A       100%        7
 Monstrous Menagerie      Summ           0%         N/A       100%        7
 Orb of Destruction       Conj           0%         9d5       100%        7
 Spellforged Servitor     Conj/Summ      0%         N/A       100%        7
 Storm Form               Tmut/Air       4%         N/A       100%        7
 Borgnjor's Revivificati  Necr           0%         N/A       100%        8
 Ignition                 Fire           0%         3d3       100%        8
 Lehudib's Crystal Spear  Conj/Erth      3%         10d2      100%        8
 Maxwell's Capacitive Co  Air            0%         ∞         100%        8
 Necromutation            Tmut/Necr      4%         N/A       100%        8
 Summon Horrible Things   Summ           0%         N/A       100%        8
 Death's Door             Necr           0%         N/A       100%        9
 Dragon's Call            Summ           0%         N/A       100%        9
 Animate Dead             Necr           Unusable   N/A       N/A         4
 Corpse Rot               Necr/Pois/Air  Unusable   N/A       N/A         4
 Simulacrum               Ice/Necr       Unusable   N/A       N/A         6

Dungeon Overview and Level Annotations

Branches:
Dungeon (15/15)            Temple (0/1) D:5            Lair (6/6) D:8
  Swamp (4/4) Lair:2       Spider (4/4) Lair:3        Slime (0/5) Lair:6
    Orc (2/2) D:11            Elf (3/3) Orc:2        Vaults (5/5) D:13
  Crypt (3/3) Vaults:2       Tomb (0/3) Crypt:3      Depths (4/4) D:15
    Zot (5/5) Depths:4      Sewer (visited)         Ossuary (visited)
 Bailey (visited)

Altars:
Ashenzari
Cheibriados
Dithmenos
Elyvilon
Fedhas
Gozag
Hepliaklqana
Kikubaaqudgha
Makhleb
Okawaru
Qazlal
Ru
Sif Muna
Trog
Uskayaw
Xom
Yredelemnul
Zin
Beogh

Shops:
D:6 *   D:8 ?   D:9 *   D:13 *[:[   D:15 (   Orc:2 ([*:!   Vaults:3 [
Vaults:5 :   Depths:3 *

Portals:
Hell: Depths:1 Depths:2 Depths:3 Depths:4
Abyss: Depths:3
Pandemonium: Depths:2 Depths:3 Depths:4
Ziggurat: Depths:1
Bazaar: Vaults:4
Trove: Vaults:4 (give 13 scrolls of teleportation)

Annotations:
Lair:2 exclusion: oklob plant
Elf:2 3 runed translucent doors
Vaults:1 Saint Roka
Crypt:2 Donald
Crypt:3 Jory


Innate Abilities, Weirdness & Mutations

Armour fits poorly on your strangely shaped body.
You are robust. (+10% HP)


Message History

* * * LOW HITPOINT WARNING * * *
The purple draconian shifter casts a spell at the dread lich.
The dread lich is unaffected.
The tentacled monstrosity tentacle-slaps you but does no damage. x3
The tentacled monstrosity constricts you.
The ancient lich touches you.
* * * LOW HITPOINT WARNING * * *
The dread lich touches you but does no damage.
The dread lich touches you but does no damage.
The tentacled monstrosity tentacle-slaps you!
* * * LOW HITPOINT WARNING * * *
The tentacled monstrosity tentacle-slaps you but does no damage. x2
The tentacled monstrosity constricts you.
The ancient lich gestures at you while chanting.
The dread lich is distracted by your dazzling golden aura.
The Tzitzimitl gestures at you.
The bolt of negative energy hits the dread lich.
The dread lich completely resists.
The dread lich is no longer distracted by gold.
The bolt of negative energy hits you but does no damage.
You resist.
The bolt of negative energy hits the ancient lich.
The ancient lich completely resists.
The ancient lich is distracted by your dazzling golden aura.
The tentacled monstrosity tentacle-slaps you but does no damage. x3
The tentacled monstrosity constricts you.
The dread lich touches you but does no damage.
The ancient lich shouts!
The ancient lich is no longer distracted by gold.
The dread lich gestures at you while chanting.
You suddenly lose the ability to move!
The purple draconian shifter is distracted by your dazzling golden aura.
The tentacled monstrosity tentacle-slaps you.
* * * LOW HITPOINT WARNING * * *
The tentacled monstrosity tentacle-slaps you but does no damage. x2
The tentacled monstrosity constricts you.
* * * LOW HITPOINT WARNING * * *
The ancient lich touches you!
You die...
Your body crumbles into a pile of gold.

,,,,** **,,,,..*,,,,,,** **,,,,
,,^** *,^,,,,).,,,,,,,* **,,,
####▓▓▓ ****####.#**###**********
......# *.......,,..#*,,,,* *
......# *#.,..#.##..#*,,,,** *
#<....## #.,#1#....#**,,,,,* **
...#..^# #..#1##..#**,,,,*,***,
...#...## #.##XL#.#***,,,**,**,,
...##.).####.##.@.q#*#....*,,*,,,
...⌠##...##..#.#.L#......#*,,,,,,
..).##.....##..#####.....#,,,,,,,
...).#....####.### *#....,,,,,,,,
......)..## #.#.# *....,**,,,,,
....d#...# #.).# ##.###***,,,,,
....##...## #)#.###..# **,,,,,
..).###...# ##)#?##..#* **,,,,,,
....# ##..###[)^.....# *,,,,,,*


You could see a tentacled monstrosity, an ancient lich (invisible), a dread lich
(fast, invisible), 2 Tzitzimimeh and a purple draconian shifter (unaware, can't
see you).

Vanquished Creatures
  2 orbs of fire
  Bai Suzhen (Swamp:3)
  A curse toe (Zot:2)
  4 golden dragons
  3 bone dragons (Depths:4)
  Arachne (Spider:2)
  9 tentacled monstrosities
  An electric golem (Zot:1)
  3 liches
  A quicksilver dragon (Zot:2)
  Rupert (Spider:1)
  3 titans
  Asterion (Spider:1)
  A deep elf blademaster (Elf:3)
  A walking frostbound tome (Depths:2)
  4 death cobs
  Frances (Swamp:2)
  11 storm dragons
  2 thorn hunters (Swamp:4)
  3 tengu reavers (Vaults:5)
  2 sphinxes
  Kirke (Spider:2)
  Roxanne (Spider:1)
  9 shadow dragons
  An azure jelly (shapeshifter) (Vaults:5)
  4 fenstrider witches (Swamp:4)
  8 frost giants
  7 fire giants
  A deep elf sorcerer (Vaults:5)
  2 iron dragons
  A draconian scorcher (Zot:1)
  5 ghost moths
  10 vault wardens
  A draconian shifter (Zot:1)
  10 emperor scorpions
  A ghoul (Swamp:4)
  2 reapers
  20 very ugly things
  3 war gargoyles
  2 draconian annihilators
  17 ironbound preservers
  2 caustic shrike skeletons (Crypt:3)
  A broodmother (Spider:4)
  11 stone giants
  2 ironbound thunderhulks (Vaults:3)
  5 vampire knights
  A lorocyproca (Depths:2)
  4 green draconians
  5 eleionomae
  2 black draconians
  4 yellow draconians
  11 entropy weavers
  2 red draconians (Depths:4)
  10 bunyips
  6 dire elephants
  4 deep elf annihilators (Elf:3)
  3 crystal guardians
  4 white draconians
  2 purple draconians (Zot:1)
  2 spark wasps
  2 deep elf death magi
  9 ettins
  5 yaktaur captains
  15 fire dragons
  3 shambling mangroves (Swamp:4)
  A hydra (shapeshifter) (Vaults:5)
  8 ice dragons
  18 vault guards
  5 jorogumos
  2 great orbs of eyes
  A peacekeeper (Vaults:4)
  A radroach (shapeshifter) (Depths:3)
  2 rakshasas (Depths:2)
  An ogre mage (Vaults:5)
  7 ironbound frosthearts
  A merfolk avatar (Lair:6)
  2 ghost crabs
  2 catoblepae
  Erica (D:9)
  13 hydras
  A death knight (Crypt:1)
  9 boulder beetles
  5 radroaches
  8 centaur warriors
  An anaconda (Lair:4)
  2 two-headed ogres
  10 alligators
  A death scarab (Spider:4)
  5 tengu warriors
  6 deep troll shamans
  5 vampire magi
  A deep troll earth mage (Depths:3)
  5 death yaks (Lair:4)
  11 spriggan berserkers
  8 hell knights
  2 soul eaters (Swamp:4)
  5 deep elf knights
  2 sun demons
  A titan skeleton (Crypt:3)
  A fire crab (Lair:5)
  12 skeletal warriors
  4 iron trolls
  A salamander mystic (Depths:1)
  12 steelbarb worms
  A sea snake (Lair:6)
  A golden dragon zombie (Crypt:3)
  5 spriggan druids
  2 sun moths
  Lodul (D:10)
  13 orb spiders
  7 pharaoh ants
  3 flayed ghosts
  8 goliath frogs
  45 deep trolls
  2 swamp dragons (Swamp:4)
  4 death drakes
  4 deep elf archers
  3 glowing orange brains
  A phantasmal warrior (Vaults:3)
  5 bog bodies
  12 ironbound convokers
  5 wizards
  5 lindwurms
  15 deep elf zephyrmancers
  8 orc knights
  15 deep elf pyromancers
  20 wolf spiders
  2 salamanders (Depths:1)
  5 orc sorcerers
  7 necromancers
  23 ugly things
  4 cyclopes
  2 will-o-the-wisps
  6 black mambas
  8 moths of wrath
  9 elephants
  A stone giant skeleton (Depths:2)
  Maurice (D:8)
  6 vault sentinels
  A rust devil (Depths:4)
  14 cane toads
  2 orange demons (Swamp:4)
  Maggie (D:9)
  A hellion (Depths:4)
  8 demonic crawlers
  12 komodo dragons
  3 rime drakes
  A spark wasp simulacrum (Depths:2)
  A torpor snail (Lair:4)
  2 unseen horrors
  2 tengu conjurers
  2 freezing wraiths
  A centaur skeleton (D:15)
  19 yaktaurs
  3 hellwings
  2 red devils (Depths:2)
  10 trolls
  An ice devil (Depths:2)
  3 meliai
  A troll (shapeshifter) (D:13)
  4 polar bears
  A merfolk (shapeshifter) (Depths:3)
  A bloated husk (Swamp:4)
  19 slime creatures
  7 tyrant leeches
  A wind drake (Lair:6)
  14 hornets
  28 tarantellas
  9 blink frogs
  6 dream sheep (Lair:6)
  2 snapping turtles (Lair:6)
  A frost giant simulacrum (Depths:2)
  37 jumping spiders
  2 shadows
  28 flying skulls
  3 water elementals
  6 wyverns
  A centaur simulacrum (D:15)
  9 spriggans
  2 wraiths
  3 air elementals
  2 humans (D:7)
  40 yaks
  24 culicivoras
  5 basilisks
  2 chaos spawn (Swamp:4)
  A fire elemental (Elf:2)
  2 hogs (Spider:2)
  14 vampire mosquitoes
  2 neqoxecs (Swamp:4)
  5 steam dragons
  77 redbacks
  14 swamp worms
  A redback simulacrum (D:15)
  4 wargs (Orc:1)
  3 acid dragons
  A merfolk skeleton (Crypt:2)
  2 floating eyes (Depths:2)
  5 swamp drakes
  24 water moccasins
  32 orc warriors
  2 sky beasts
  Pargi (Sewer)
  5 black bears
  2 hornet zombies (Ossuary)
  2 ice beasts
  A sky beast (shapeshifter) (D:13)
  A boggart (Vaults:1)
  A lindwurm skeleton (Crypt:1)
  18 ogres
  5 wolves
  24 centaurs
  3 kobold brigands (D:9)
  11 bullfrogs
  A gnoll sergeant (D:9)
  A scorpion (D:7)
  A water moccasin zombie (Ossuary)
  3 earth elementals
  A wyvern zombie (Ossuary)
  3 necrophages
  A warg zombie (Crypt:1)
  8 killer bees
  6 howler monkeys
  3 centaur zombies
  7 bullfrog zombies (Ossuary)
  4 hounds
  2 jellies (D:5)
  Crazy Yiuf (D:6)
  13 orc priests
  3 iguanas (D:5)
  Natasha (thrice) (D:2)
  17 orc wizards
  7 killer bee zombies (Ossuary)
  14 mummies (Ossuary)
  A howler monkey zombie (Ossuary)
  A gnoll (Bailey)
  15 adders
  2 river rats (D:4)
  2 shadow imps (D:6)
  2 ufetubi
  3 worms
  4 dart slugs
  44 orcs
  5 endoplasms
  6 giant cockroaches
  7 hobgoblins
  4 jackals (D:1)
  3 quokkas
  9 ball pythons
  8 bats
  7 frilled lizards
  11 goblins
  29 kobolds
  11 rats
  A butterfly (Lair:3)
  A pillar of salt (Vaults:2)
1604 creatures vanquished.

Vanquished Creatures (collateral kills)
  A dread lich (Crypt:3)
  2 ancient liches
  Josephina (Crypt:2)
  A curse toe (Zot:4)
  Nikola (Spider:3)
  2 bone dragons
  4 golden dragons
  2 electric golems
  Mlioglotl (Spider:2)
  Zenata (Crypt:2)
  4 Orb Guardians (Zot:5)
  4 tentacled monstrosities
  2 liches
  2 death cobs (Zot:2)
  4 storm dragons
  A shadow dragon (Zot:4)
  A tengu reaver (Depths:4)
  An emperor scorpion (Spider:4)
  A draconian monk (Zot:4)
  7 vault wardens
  2 frost giants
  A draconian knight (Zot:4)
  3 draconian scorchers
  A deep elf sorcerer (Elf:1)
  An orc warlord (Vaults:3)
  A ghost moth (Zot:5)
  5 ghouls
  3 draconian stormcallers
  4 ironbound preservers
  2 reapers
  3 very ugly things
  3 war gargoyles (Crypt:3)
  A draconian annihilator (Zot:5)
  2 ironbound thunderhulks
  2 vampire knights
  3 purple draconians
  A deep elf demonologist (Elf:3)
  2 entropy weavers
  2 white draconians
  4 red draconians
  A black draconian (Zot:4)
  5 dire elephants (Vaults:1)
  A yellow draconian (Zot:5)
  3 deep elf annihilators
  A green draconian (Zot:4)
  A spark wasp (Depths:4)
  2 crystal guardians (Crypt:3)
  A jiangshi (Depths:3)
  3 deep elf death magi
  3 yaktaur captains
  A great orb of eyes (Vaults:1)
  A fire dragon (Zot:3)
  8 vault guards
  2 ice dragons
  A spriggan air mage (Swamp:4)
  An ogre mage (Vaults:5)
  A catoblepas (Lair:3)
  A peacekeeper (Vaults:2)
  A caustic shrike simulacrum (Crypt:2)
  2 ironbound frosthearts
  2 death knights (Crypt:2)
  An alligator (Swamp:1)
  Urug (Lair:4)
  A spriggan berserker (Depths:3)
  A deep troll earth mage (Depths:2)
  A tengu warrior (Depths:2)
  5 dancing weapons
  A titan zombie (Crypt:3)
  A deep elf knight (Elf:2)
  6 hell knights
  10 skeletal warriors
  A titan skeleton (Crypt:3)
  A quicksilver dragon simulacrum (Crypt:2)
  2 goliath frogs
  2 deep trolls (Vaults:1)
  2 orb spiders (Spider:3)
  A spriggan druid (Swamp:4)
  2 flayed ghosts
  A wizard (Swamp:4)
  A glowing orange brain (Depths:4)
  A phantasmal warrior (Vaults:5)
  An iron giant skeleton (Crypt:3)
  3 deep elf pyromancers
  4 deep elf archers
  9 deep elf zephyrmancers
  A broodmother zombie (Crypt:2)
  2 lindwurms (Vaults:1)
  5 necromancers
  7 ironbound convokers
  3 ugly things
  A wolf spider (Spider:3)
  A manticore (D:15)
  A stone giant zombie (Crypt:1)
  A will-o-the-wisp (Swamp:3)
  6 moths of wrath
  3 elephants (Lair:3)
  A cyclops (shapeshifter) (Vaults:5)
  9 vault sentinels
  A black mamba (Lair:4)
  An orange demon (Swamp:4)
  7 yaktaurs
  A catoblepas zombie (Crypt:3)
  A rime drake (Lair:6)
  7 unseen horrors (Crypt:2)
  A white draconian skeleton (Crypt:1)
  A harpy zombie (Crypt:3)
  A meliai (D:13)
  A green draconian skeleton (Crypt:1)
  2 tarantellas
  A moth of wrath zombie (Crypt:2)
  A fire dragon skeleton (Crypt:2)
  16 flying skulls
  A yak (Lair:3)
  A water elemental (Depths:1)
  A wraith (Crypt:1)
  2 ettin skeletons
  5 redbacks
  3 naga zombies (Crypt:3)
  A hydra simulacrum (Crypt:2)
  5 orc warriors
  6 boggarts (Vaults:1)
  A lindwurm skeleton (Crypt:1)
  A bullfrog (Lair:3)
  A water moccasin skeleton (Crypt:2)
  4 orc priests
  A black bear skeleton (Crypt:2)
  An orc wizard (Vaults:1)
  An ogre zombie (Crypt:2)
  7 orcs
315 creatures vanquished.

Vanquished Creatures (others)
  Tiamat (Zot:5)
  Mara (Vaults:5)
  A golden dragon (Zot:1)
  An electric golem (Zot:1)
  3 tentacled monstrosities
  An Orb Guardian (Zot:5)
  A deep elf blademaster (Elf:3)
  2 titans (Vaults:5)
  2 deep elf master archers (Elf:3)
  A quicksilver dragon (Zot:1)
  A death cob (Zot:4)
  A sphinx (Vaults:5)
  2 ancient champions
  A shadow dragon (Zot:1)
  2 tengu reavers
  A draconian monk (Zot:5)
  A storm dragon (Zot:1)
  2 draconian knights
  2 frost giants
  6 deep elf sorcerers
  A fire giant (Vaults:5)
  A vault warden (Vaults:5)
  2 draconian shifters
  5 draconian scorchers
  5 deep elf elementalists (Elf:3)
  2 draconian stormcallers (Zot:5)
  8 ironbound preservers
  A ghoul (Crypt:3)
  4 draconian annihilators
  A war gargoyle (Vaults:5)
  4 stone giants (Vaults:5)
  3 green draconians
  A vampire knight (Crypt:1)
  2 ironbound thunderhulks
  3 deep elf demonologists
  2 entropy weavers
  5 purple draconians
  6 black draconians
  A deep elf annihilator (Elf:3)
  4 white draconians
  2 yellow draconians
  A spark wasp (Spider:1)
  4 red draconians
  An ettin (Vaults:5)
  2 deep elf death magi (Elf:3)
  A jiangshi (Depths:3)
  3 yaktaur captains
  2 deep elf high priests
  7 vault guards (Vaults:5)
  A jorogumo (Spider:3)
  A centaur warrior (Vaults:2)
  10 dancing weapons
  A death knight (Crypt:1)
  2 deep elf knights
  11 skeletal warriors
  7 deep trolls (Vaults:1)
  A pharaoh ant (Spider:1)
  An elf simulacrum (Crypt:2)
  A deep elf archer (Elf:2)
  6 ironbound convokers
  4 lindwurms (Vaults:1)
  A wizard (D:15)
  2 phantasmal warriors
  A necromancer (Vaults:5)
  3 deep elf zephyrmancers
  4 vault sentinels
  A moth of wrath (Zot:1)
  3 yaktaurs
  A bunyip simulacrum (Crypt:2)
  A bloated husk (Swamp:3)
  A tyrant leech (Swamp:3)
  6 slime creatures (Vaults:2)
  A tarantella (Vaults:1)
  A wraith (Crypt:2)
  A human (Spider:2)
  2 redbacks
  3 orc warriors (Vaults:1)
  5 boggarts (Vaults:1)
  An earth elemental (Elf:3)
  A black bear skeleton (Crypt:1)
  An orc (Vaults:1)
  25 foxfires
  64 fungi
  15 pillars of salt (Vaults:2)
  110 plants
  5 withered plants (Ossuary)
422 creatures vanquished.

Grand Total: 2341 creatures vanquished

Notes
Turn   | Place    | Note
-------+----------+-------------------------------------------
     0 | D:1      | dolemite99 the Hill Orc Fighter began the quest for the
                  | Orb.
     0 | D:1      | Reached XP level 1. HP: 19/19 MP: 1/1
    88 | D:1      | Reached XP level 2. HP: 23/26 MP: 2/2
   317 | D:1      | Found a faded altar of an unknown god.
   563 | D:1      | Prayed at the altar of an unknown god.
   563 | D:1      | Became a worshipper of Gozag Ym Sagoz the Greedy
   583 | D:1      | Reached XP level 3. HP: 28/31 MP: 3/3
   885 | D:1      | Reached skill level 5 in Axes
  1689 | D:2      | Reached XP level 4. HP: 39/39 MP: 4/4
  1813 | D:2      | Found a hazy altar of Hepliaklqana.
  1897 | D:2      | Noticed Natasha
  1902 | D:2      | Killed Natasha
  2095 | D:2      | Noticed Natasha
  2103 | D:2      | Killed Natasha
  2104 | D:2      | Reached XP level 5. HP: 44/45 MP: 5/5
  2109 | D:2      | Noticed Natasha
  2120 | D:2      | Killed Natasha
  2943 | D:3      | Noticed an ice beast
  2958 | D:3      | Killed an ice beast
  2959 | D:3      | Reached XP level 6. HP: 51/51 MP: 6/6
  3202 | D:3      | Identified the +4 short sword of the Toadstool {spect, rC+
                  | MP+9 Int+4 Dex-4}
  3712 | D:4      | Found a hide-covered altar of Uskayaw.
  3932 | D:4      | Found a glowing drain.
  3939 | Sewer    | Entered a sewer
  3955 | Sewer    | Noticed Pargi
  4138 | Sewer    | Killed Pargi
  4139 | Sewer    | Reached XP level 7. HP: 57/57 MP: 7/7
  4903 | D:4      | Found a snail-covered altar of Cheibriados.
  4906 | D:4      | Found a burning altar of Makhleb.
  4908 | D:4      | Found a stormy altar of Qazlal.
  4909 | D:4      | Found a broken altar of Ashenzari.
  5127 | D:4      | Identified the +10 short sword "Mud Pie of Death" {drain,
                  | *Rage rF+ rC+ Stlth+}
  5198 | D:5      | Entered Level 5 of the Dungeon
  5222 | D:5      | Reached skill level 10 in Axes
  5750 | D:5      | Found a sand-covered staircase.
  5760 | Ossuary  | Entered an ossuary
  5789 | Ossuary  | Reached XP level 8. HP: 64/64 MP: 8/8
  6936 | Ossuary  | Reached XP level 9. HP: 67/72 MP: 9/9
  7117 | Ossuary  | Reached skill level 5 in Fighting
  7523 | D:5      | Found a staircase to the Ecumenical Temple.
  7782 | D:6      | Found a runed translucent door.
  7783 | D:6      | Noticed Crazy Yiuf
  7893 | D:6      | Found an ancient bone altar of Kikubaaqudgha.
  8176 | D:6      | Reached skill level 5 in Armour
  8207 | D:6      | You fall into a shaft and drop 2 floors!
  8261 | D:8      | Identified 2 scrolls of acquirement
  8261 | D:8      | Acquired the ring of Generosity {rN+ Str+7 SInv}
  8293 | D:8      | Reached skill level 1 in Evocations
  8313 | D:8      | Reached skill level 5 in Evocations
  8316 | D:8      | Reached XP level 10. HP: 58/83 MP: 10/10
  8337 | D:8      | Found a staircase to the Lair.
  8462 | D:8      | Acquired a manual of Shields
  8516 | D:8      | Noticed Maurice
  8539 | D:8      | Killed Maurice
  8599 | D:8      | Found a glowing silver altar of Zin.
  8631 | D:8      | Found a flagged portal.
  8647 | Bailey   | Entered a bailey
  8656 | Bailey   | Noticed an orc knight
  8753 | Bailey   | Noticed an orc knight
  8756 | Bailey   | Killed an orc knight
  8758 | Bailey   | Killed an orc knight
  9458 | D:6      | Noticed a two-headed ogre
  9468 | D:6      | Killed a two-headed ogre
  9742 | D:6      | Found Usubixoz's Assorted Antiques.
  9752 | D:6      | Bought a scroll of identify for 42 gold pieces
  9780 | D:6      | Bought a scroll labelled HINIAPHEGUU for 21 gold pieces
  9780 | D:6      | Bought a scroll labelled EXUGUA OFROIN for 21 gold pieces
 10153 | D:6      | Killed Crazy Yiuf
 10281 | D:6      | Reached XP level 11. HP: 83/89 MP: 11/11
 10440 | D:7      | Found an iron altar of Okawaru.
 10756 | D:7      | Found a white marble altar of Elyvilon.
 11647 | D:9      | Found a sacrificial altar of Ru.
 11708 | D:9      | Found a shadowy altar of Dithmenos.
 11708 | D:9      | Found a blossoming altar of Fedhas.
 11897 | D:9      | Reached skill level 15 in Axes
 11945 | D:9      | Noticed Erica
 11948 | D:9      | Killed Erica
 12142 | D:9      | Found Xinurydag's General Store.
 12157 | D:9      | Bought a scroll of magic mapping for 38 gold pieces
 12157 | D:9      | Bought a scroll of magic mapping for 38 gold pieces
 12211 | D:9      | Noticed Maggie
 12215 | D:9      | Killed Maggie
 12697 | D:10     | Entered Level 10 of the Dungeon
 12698 | D:10     | Noticed Lodul
 12951 | D:10     | Noticed a boulder beetle
 12962 | D:10     | Killed a boulder beetle
 13522 | D:10     | Found a shimmering altar of Xom.
 13730 | D:10     | Killed Lodul
 13863 | D:11     | Noticed a two-headed ogre
 13873 | D:11     | Killed a two-headed ogre
 13874 | D:11     | Reached XP level 12. HP: 90/97 MP: 12/12
 14176 | D:11     | Found a staircase to the Orcish Mines.
 14274 | D:11     | Reached skill level 1 in Throwing
 14525 | D:11     | Noticed an eight-headed hydra
 14529 | D:11     | Killed an eight-headed hydra
 14946 | D:11     | Identified the +1 mace "Jaebb" {vorpal, *Slow Fly Int+7}
 15053 | Lair:1   | Entered Level 1 of the Lair of Beasts
 15152 | Lair:1   | Identified the +6 falchion "Sietam" {flame, Dex+2}
 15362 | Lair:1   | Reached skill level 1 in Dodging
 16692 | D:8      | Bought a scroll of fear for 66 gold pieces
 16692 | D:8      | Bought a scroll of teleportation for 57 gold pieces
 16692 | D:8      | Bought a scroll of teleportation for 57 gold pieces
 16692 | D:8      | Bought a scroll of teleportation for 57 gold pieces
 16692 | D:8      | Bought a scroll of fog for 38 gold pieces
 16694 | D:8      | Reached skill level 5 in Dodging
 16694 | D:8      | Reached XP level 13. HP: 104/104 MP: 13/13
 17562 | Lair:2   | Found a staircase to the Swamp.
 18400 | Lair:3   | Reached skill level 10 in Shields
 18965 | Lair:3   | You are sucked into a shaft and drop 2 floors!
 19225 | Lair:5   | Reached XP level 14. HP: 114/114 MP: 14/14
 19679 | Lair:4   | Identified the +4 cloak "Jyivisio" {Harm +Blink rPois
                  | Str+2}
 19730 | Lair:4   | Noticed Urug
 19747 | Lair:4   | Killed Urug
 19876 | Lair:4   | Reached skill level 15 in Shields
 20167 | Lair:4   | Reached skill level 10 in Fighting
 21401 | Lair:3   | Found a hole to the Spider Nest.
 22339 | Lair:5   | Found the +8 whip "Snakebite" {venom, curare, rPois}
 22626 | Lair:6   | Entered Level 6 of the Lair of Beasts
 22626 | Lair:6   | Found a staircase to the Slime Pits.
 23649 | Lair:6   | Reached XP level 15. HP: 130/139 MP: 15/15
 24009 | Lair:6   | Reached skill level 15 in Fighting
 25027 | Lair:6   | Identified the +6 dagger "Lizakh" {spect, Fragile rC+
                  | Dex+5}
 25392 | Orc:1    | Entered Level 1 of the Orcish Mines
 26500 | Orc:2    | Entered Level 2 of the Orcish Mines
 26506 | Orc:2    | Found a roughly hewn altar of Beogh.
 27204 | Orc:2    | Found Jafiyxzi's Armour Emporium.
 27204 | Orc:2    | Found Adghug's Assorted Antiques.
 27204 | Orc:2    | Found Gunugoch's Book Boutique.
 27208 | Orc:2    | Found Joirphej's Antique Weapon Shoppe.
 27224 | Orc:2    | Bought a tin of tremorstones (2/2) for 1480 gold pieces
 27224 | Orc:2    | Bought a moonstone ring for 185 gold pieces
 27558 | Orc:2    | Found a staircase to the Elven Halls.
 27559 | Orc:2    | Found Ceisoisch's Distillery.
 28647 | D:13     | Found Qetes's Antique Armour Emporium.
 28775 | D:13     | Found Coofasyi's Armour Emporium.
 28775 | D:13     | Found Iphiaj's Book Boutique.
 28803 | D:13     | Reached skill level 10 in Armour
 28803 | D:13     | Reached skill level 10 in Evocations
 29348 | D:13     | Reached skill level 5 in Throwing
 29624 | D:13     | Found a gate to the Vaults.
 29659 | D:13     | Found Erasined's General Store.
 29670 | D:13     | Bought a scroll of fear for 42 gold pieces
 30125 | D:14     | Reached XP level 16. HP: 152/155 MP: 16/16
 30664 | D:15     | Entered Level 15 of the Dungeon
 31866 | D:15     | Found a staircase to the Depths.
 31915 | D:15     | Found Titzacua's Weapon Emporium.
 32519 | Swamp:1  | Entered Level 1 of the Swamp
 33659 | Swamp:2  | Noticed Frances
 33667 | Swamp:2  | Killed Frances
 35353 | Swamp:3  | Noticed Bai Suzhen
 35371 | Swamp:3  | Killed Bai Suzhen
 35372 | Swamp:3  | Reached XP level 17. HP: 120/162 MP: 17/17
 35730 | Spider:1 | Entered Level 1 of the Spider Nest
 36171 | Spider:1 | Noticed Asterion
 36184 | Spider:1 | Killed Asterion
 36385 | Spider:1 | Noticed Rupert
 36403 | Spider:1 | Killed Rupert
 36442 | Spider:1 | Identified Roxanne's Disquisition on Transmutation
 36442 | Spider:1 | Noticed Roxanne
 37471 | Spider:1 | Identified the +0 pair of gloves of Lunny {rPois Str-4
                  | Dex+3}
 38245 | Spider:2 | Noticed Mlioglotl
 38251 | Spider:2 | Killed Mlioglotl
 38252 | Spider:2 | Noticed Arachne
 38274 | Spider:2 | Killed Arachne
 38602 | Spider:2 | Reached skill level 10 in Throwing
 38878 | Spider:2 | Noticed Kirke
 38902 | Spider:2 | Killed Kirke
 39350 | Spider:2 | Acquired 743 gold pieces
 40604 | Spider:3 | Reached XP level 18. HP: 146/170 MP: 18/18
 41385 | Spider:3 | Reached skill level 15 in Armour
 41603 | Spider:3 | Noticed Nikola
 41776 | Swamp:4  | Entered Level 4 of the Swamp
 42522 | Swamp:4  | Reached skill level 15 in Evocations
 43031 | Swamp:4  | Paralysed by a fenstrider witch for 4 turns
 43041 | Swamp:4  | Paralysed by a fenstrider witch for 4 turns
 43506 | Swamp:4  | Gained mutation: Armour fits poorly on your strangely
                  | shaped body. [a neqoxec]
 43709 | Swamp:4  | Noticed a tentacled monstrosity
 43715 | Swamp:4  | Killed a tentacled monstrosity
 44070 | Swamp:4  | Got a decaying rune of Zot
 44421 | Vaults:1 | Entered Level 1 of the Vaults
 44956 | Vaults:1 | Reached XP level 19. HP: 107/177 MP: 19/19
 45162 | Vaults:1 | Found a flickering gateway to a bazaar.
 45167 | Bazaar   | Entered a bazaar
 45170 | Bazaar   | Found Huadusayci's Distillery.
 45175 | Bazaar   | Found Ezuhea's Armour Emporium.
 45186 | Bazaar   | Found Zediwof's General Store.
 45192 | Bazaar   | Found Lacajoqo's Antique Weapon Emporium.
 45194 | Bazaar   | Bought a scroll of blinking for 112 gold pieces
 45194 | Bazaar   | Bought a wand of iceblast (3) for 105 gold pieces
 45203 | Bazaar   | Found Tetratee's Jewellery Boutique.
 45211 | Bazaar   | Bought a ring of protection from fire for 250 gold pieces
 45739 | Vaults:1 | Noticed Saint Roka
 47455 | Vaults:2 | Found a staircase to the Crypt.
 47455 | Vaults:2 | Found a basalt altar of Yredelemnul.
 47455 | Vaults:2 | Found an ancient bone altar of Kikubaaqudgha.
 49840 | Vaults:3 | Reached XP level 20. HP: 151/184 MP: 20/20
 51178 | Vaults:3 | Found Ucraiw's Armour Boutique.
 51481 | Vaults:4 | Found a gateway to a bazaar.
 51882 | Vaults:4 | Identified the +3 leather armour of Unreason {Dex+2}
 52663 | Vaults:4 | Found a portal to a secret trove of treasure.
 53982 | Vaults:4 | Upgraded the game from 0.29-a0-474-gdfe5cd140f to
                  | 0.29-a0-477-g62b78b4225
 54240 | Elf:1    | Entered Level 1 of the Elven Halls
 54282 | Elf:1    | Paralysed by an air elemental for 1 turns
 54287 | Elf:1    | Paralysed by an air elemental for 1 turns
 54291 | Elf:1    | Paralysed by an air elemental for 1 turns
 55173 | Elf:1    | Acquired 844 gold pieces
 55178 | Elf:1    | Got Heazxoci's Volume of Attacks
 55799 | Elf:2    | Paralysed by an air elemental for 1 turns
 55858 | Elf:2    | Paralysed by an air elemental for 1 turns
 55861 | Elf:2    | Paralysed by an air elemental for 1 turns
 56652 | Elf:1    | Found a shimmering blue altar of Sif Muna.
 57305 | Elf:2    | Found a runed translucent gate.
 57306 | Elf:2    | Found a runed translucent gate.
 57306 | Elf:2    | Found a runed translucent gate.
 57746 | Elf:3    | Entered Level 3 of the Elven Halls
 58068 | Elf:3    | Identified the ring of Xuqas {rF+ rC+ Dex+3}
 58159 | Elf:3    | Reached XP level 21. HP: 135/194 MP: 21/21
 58947 | Elf:3    | Found the +5 sword of Power {vorpal}
 58958 | Elf:3    | Identified the ring "Dutirph" {Wiz Contam rN+ Int+3 Dex+4}
 58965 | Elf:3    | Identified the ring "Uckou" {rN+++ Str-4 Int+4 SInv Stlth+}
 59117 | Elf:3    | Got the Collected Works on Transformation
 59132 | Elf:3    | Identified the +3 shortbow of Bicu {venom, rPois rN+++
                  | rCorr Str-2}
 59138 | Elf:3    | Identified the +1 plate armour of the Valley {Dex+4}
 59142 | Elf:3    | Identified the +8 hunting sling of Untruth {vorpal, rCorr
                  | Int+3}
 60282 | Depths:1 | Entered Level 1 of the Depths
 61155 | Depths:1 | Found a one-way gateway to a ziggurat.
 61786 | Depths:1 | Found a bloodstained altar of Trog.
 61990 | Depths:1 | Found a gateway to Hell.
 62913 | Depths:2 | Identified the +2 plate armour of Birdsong {Dex+3}
 63400 | Depths:2 | You are sucked into a shaft and drop 1 floor!
 63481 | Depths:3 | Found Yxtiel's CLEARANCE SALE!.
 64214 | Depths:3 | Found a one-way gate to the infinite horrors of the Abyss.
 64827 | Depths:2 | Paralysed by a floating eye for 2 turns
 65187 | Depths:2 | Found a one-way gate leading to the halls of Pandemonium.
 65839 | Depths:3 | Reached XP level 22. HP: 207/211 MP: 22/22
 65846 | Depths:3 | Identified the +0 robe of the Louse {Rampage rF+ rCorr}
 67509 | Depths:4 | Entered Level 4 of the Depths
 68098 | Depths:4 | Found a gate to the Realm of Zot.
 69806 | Depths:4 | Found a glowing silver altar of Zin.
 70654 | Crypt:1  | Entered Level 1 of the Crypt
 71112 | Crypt:1  | Identified the ring of Ylivvim {rC+ Str+10}
 71955 | Crypt:2  | Identified the ring of Koacveice {Ice rN+ rCorr Int+4}
 71955 | Crypt:2  | Noticed Josephina
 71966 | Crypt:2  | Identified the +4 hand axe "Killer Klown's Foe" {freeze,
                  | rN+}
 71979 | Crypt:2  | Learned a level 2 spell: Passwall
 72117 | Crypt:2  | Noticed Donald
 72236 | Crypt:2  | Noticed Jory
 72431 | Crypt:2  | Noticed Zenata
 72442 | Crypt:2  | Killed Zenata
 72687 | Crypt:2  | Found the +9 sword of Zonguldrok {reap}
 72732 | Crypt:2  | Killed Josephina
 72875 | Crypt:3  | Entered Level 3 of the Crypt
 72886 | Crypt:3  | Reached XP level 23. HP: 223/223 MP: 23/23
 73089 | Crypt:3  | Paralysed by a vampire knight for 3 turns
 73515 | Crypt:3  | Found a basalt altar of Yredelemnul.
 73516 | Crypt:3  | Noticed a dread lich
 73528 | Crypt:3  | Killed a dread lich
 74062 | Crypt:3  | Reached skill level 10 in Dodging
 74388 | Crypt:3  | Got Spellcraft, Part Three
 74522 | Crypt:3  | Found a staircase to the Tomb.
 74953 | Vaults:5 | Entered Level 5 of the Vaults
 75090 | Vaults:5 | Killed an ancient lich
 75098 | Vaults:5 | Identified the +6 bardiche of Terror {pain, Str+2}
 75342 | Vaults:5 | Noticed Mara
 75372 | Vaults:5 | Your ally Mara died
 76342 | Vaults:5 | Reached XP level 24. HP: 228/229 MP: 23/23
 76458 | Vaults:5 | Found Wuxtam's Book Shop.
 76645 | Vaults:5 | Identified the ring of Fragile Peace {rC+ Will+}
 76873 | Vaults:5 | Got a silver rune of Zot
 77079 | Vaults:5 | Identified the +2 leather armour of the Slightly Bent
                  | {Str+4} (You took it off an ironbound convoker on level 5
                  | of the Vaults)
 77492 | Vaults:5 | Identified the +3 plate armour "Symany" {Harm +Blink MP+9
                  | Dex-5}
 78072 | Spider:1 | Killed Roxanne
 78218 | Spider:3 | Killed Nikola
 78771 | Spider:4 | Entered Level 4 of the Spider Nest
 79274 | Spider:4 | Reached skill level 15 in Dodging
 79401 | Spider:4 | Got a gossamer rune of Zot
 79584 | Spider:4 | Reached skill level 1 in Earth Magic
 80496 | Zot:1    | Entered Level 1 of the Realm of Zot
 80982 | Zot:1    | Reached skill level 5 in Earth Magic
 82423 | Zot:2    | Noticed a curse toe
 83254 | Zot:2    | Reached skill level 1 in Transmutations
 83259 | Zot:2    | Noticed an orb of fire
 85090 | Zot:2    | Gained mutation: Your magical capacity is low. (-10% MP)
                  | [an orb of fire]
 85107 | Zot:2    | Lost mutation: Your magical capacity is low. (-10% MP) [an
                  | orb of fire]
 85114 | Zot:2    | Killed an orb of fire
 85121 | Zot:2    | Killed a curse toe
 85122 | Zot:2    | Reached XP level 25. HP: 181/238 MP: 7/23
 86603 | Zot:3    | Reached skill level 5 in Transmutations
 89127 | Zot:3    | Found the +4 dragonskin cloak
 89127 | Zot:3    | Noticed Tiamat
 89232 | Zot:3    | Got Sif Muna's Volume of Shifting Arcane Weapons
 89236 | Zot:3    | Acquired 417 gold pieces
 89388 | Zot:3    | Got the Collected Works on Creative Feathers
 91447 | Zot:5    | Entered Level 5 of the Realm of Zot
 92050 | Zot:5    | Identified the +8 quarterstaff of Ru's Supremacy {freeze,
                  | Drain rElec rPois Dex+4}
 92075 | Zot:5    | Noticed an ancient lich
 92079 | Zot:5    | Killed an ancient lich
 92141 | Zot:5    | Noticed an orb of fire
 92141 | Zot:5    | Gained mutation: You are robust. (+10% HP) [an orb of fire]
 92155 | Zot:5    | Noticed a dread lich
 92158 | Zot:5    | Killed an orb of fire
 92159 | Zot:5    | Reached skill level 10 in Transmutations
 92166 | Zot:5    | Noticed an ancient lich
 92173 | Zot:5    | Paralysed by a dread lich for 4 turns
 92175 | Zot:5    | Your ally Tiamat died
 92181 | Zot:5    | Paralysed by a dread lich for 2 turns
 92182 | Zot:5    | HP: 12/259 [constriction (3)]
 92186 | Zot:5    | Paralysed by a dread lich for 5 turns
 92186 | Zot:5    | HP: 5/259 [constriction (1)]
 92186 | Zot:5    | Slain by an ancient lich

Illustrated notes

Levels and vault maps discovered:
D:1:      dpeg_arrival_round_a, layout_basic, ebering_ecumenical_altar_box
D:2:      layout_loops_ring, basic_altar, uniq_natasha
D:3:      kb_forest_paths, layout_loops_cross, grunt_decor_one_mirror
D:4:      layout_layer_cave, minitemple, gup_sewer_entry_bubbles
D:5:      layout_loops_ring, minmay_temple_entry_enclosed_plants,
          lightli_ossuary_entry_decrepit_ruins, serial_bayou_lagoon_a,
          minmay_checkerbox
D:6:      layout_loops_corners, lemuel_round_altar, serial_shops,
          nicolae_lakefront_shop, uniq_crazy_yiuf_cottage
D:7:      layout_cave_pools, lemuel_crystal_altar, okawaru_humans
D:8:      layout_gridville, mainiacjoe_overflow_surrounded_room,
          minmay_lair_entry_grove, enter_bailey_3, uniq_maurice
D:9:      layout_gridville, mainiacjoe_overflow_boulevard, jmf_multi_god_temple,
          serial_shops, shop, uniq_erica, uniq_maggie
D:10:     layout_rooms, kennysheep_mini, nzn_sisyphean_effort, uniq_lodul
D:11:     layout_gridville, david_orc_2
D:12:     layout_irregular_city, minmay_misc_feat_iff
D:13:     layout_basic, david_vaults_4, serial_shops, nicolae_shop_stone,
          nicolae_shop_hallway_stairs, nicolae_stop_n_shop_2, shop
D:14:     layout_rooms
D:15:     grunt_enter_depths_magical_seal, layout_loops_ring,
          minmay_stone_trees_medium, portal_ice_cave_entry_pillars_1,
          serial_shops, shop_statue
Lair:1:   wad_woods_04, layout_layer_cave
Lair:2:   layout_roguey, nicolae_swamp_entry_splash_gauntlet,
          beast_lair_carwin_9
Lair:3:   layout_cave_pods, hellmonk_spider_entry_not_the_bees,
          lemuel_fruit_fields
Lair:4:   beast_lair_carwin_large_1, layout_loops_ring, lemuel_fruit_tree,
          infiniplex_staircase_pool, uniq_urug
Lair:5:   minmay_guarded_unrand_snakebite, layout_cave_pods
Lair:6:   gammafunk_lair_ancient_temple, layout_regular_city, slime_dummy,
          minmay_lair_drake_nest
Swamp:1:  layout_basic_swamp, nicolae_swamp_well_well_well, swamp_pool3
Swamp:2:  layout_basic_swamp, serial_swamp_ruin, evilmike_swamp_ruin_house_2,
          evilmike_swamp_ruin_house_1, swamp_pool4, uniq_frances
Swamp:3:  layout_basic_swamp, nicolae_swamp_triple_paths, uniq_bai_suzhen
Swamp:4:  nzn_swamp_witches_coven, layout_basic_swamp, nicolae_swamp_bunyip_nook
Spider:1: layout_cave_pods, uniq_roxanne, uniq_rupert, uniq_asterion
Spider:2: nicolae_spider_hilbert_zone_5 [nicolae_spider_hilbert_3_sides_1_open,
          nicolae_spider_hilbert_4_sides_1_open,
          nicolae_spider_hilbert_4_sides_1_open,
          nicolae_spider_hilbert_6_sides_1_open,
          nicolae_spider_hilbert_6_sides_1_open], nicolae_spider_scorpion_nest,
          uniq_arachne, uniq_kirke, uniq_mlioglotl
Spider:3: layout_spider_delve, nicolae_spider_shape,
          hangedman_spider_tarantella_strand, uniq_nikola
Spider:4: grunt_spider_rune_circles
Orc:1:    layout_caves
Orc:2:    st_orc_rangers, layout_diamond_mine, serial_shops, shop, basic_altar
Elf:1:    layout_loops_cross, minmay_elf_sorcery, st_stairs_13,
          lemuel_upstairs_altar
Elf:2:    nicolae_elf_blades_crystal_corner, layout_loops_corners,
          billiards_dpeg, uniq_louise
Elf:3:    elf_hall, layout_geoelf_grid
Vaults:1: nicolae_vaults_circle_grid_b, nicolae_vaults_big_ls, vaults_mumra_lcd,
          v_misc_30, vaults_mumra_chevron, v_alt_pattern_5,
          nicolae_vaults_little_squares_5, vaults_room_grunt_arrival_ludios,
          hangedman_vaults_nails, vaults_room_pool, layout_vaults_big_cross,
          serial_shops, bzr_entry_road, uniq_saint_roka
Vaults:2: portal_desolation_entry_garden, grunt_vaults_funnel, v_misc_22,
          v_misc_11, st_smaller_cells, ontoclasm_vaults_eye,
          nicolae_vaults_shelves_hall, v_misc_15, layout_vaults_quadrants,
          minmay_crypt_entry_necro_gods
Vaults:3: vaults_room_stairs_pillars, vaults_dpeg_hooks,
          vaults_room_ringed_pool, v_misc_13, v_misc_15,
          nicolae_vaults_network_s, vaults_dpeg_spiral,
          grunt_vaults_hallway_short, hangedman_vaults_river_flow, v_misc_2,
          nicolae_vaults_branching_niches, hangedman_vaults_restitches,
          nicolae_vaults_alarming, layout_vaults_omnibox, serial_glass,
          serial_shops, shop
Vaults:4: nicolae_vaults_twisting_passages, vaults_dpeg_encased_lava,
          vaults_room_grid, ontoclasm_vaults_hangar, v_alt_pattern_6,
          nicolae_vaults_network_quincunx
          [nicolae_vaults_network_quincunx_subvault,
          nicolae_vaults_network_quincunx_subvault,
          nicolae_vaults_network_quincunx_subvault,
          nicolae_vaults_network_quincunx_subvault,
          nicolae_vaults_network_quincunx_subvault], v_misc_11,
          ontoclasm_vaults_chip, ontoclasm_vaults_idyll,
          nicolae_vaults_ring_of_whatevers, v_misc_28,
          nicolae_vaults_diagonal_hallway_7, vaults_room_pool,
          layout_vaults_maze_snakey, enter_trove_2, serial_shops, statue_bzr
Vaults:5: serial_shops, uniq_mara
Crypt:1:  layout_regular_city, grunt_ministairs_14
Crypt:2:  layout_gridlike, due_unseen_surprise, lemuel_elevator, uniq_jory,
          uniq_donald, uniq_zenata, uniq_josephina
Crypt:3:  cryptofortress_bobbens
Depths:1: layout_gridlike, enter_ziggurat_e, pf_coc_iceberg, bloody_trog,
          grunt_megastairs_3, serial_bayou_shore_b, firewood_loft,
          infiniplex_staircase_pool_lava
Depths:2: minmay_ambush_box, layout_gridlike, pf_hell_entry_tar_spiral,
          rand_demon_pan_entry_4, onia_ninara_dug_in_and_dangerous,
          infiniplex_staircase_hallway_doors
Depths:3: minmay_box_of_statues, layout_long_grid, hangedman_decor_points,
          abyss_entry_glasseish, rand_demon_pan_entry_9, hell_entry,
          nicolae_shop_clearance
Depths:4: grunt_x_marks_the_spot, layout_long_grid, grunt_metal_band, zin_angel,
          rand_demon_pan_entry_5
Zot:1:    layout_gridlike, grunt_ministairs_6
Zot:2:    layout_cathedral_of_symmetry
Zot:3:    layout_concentric_octagons, st_grand_hoard_of_tiamat
Zot:4:    lemuel_draconian_sentries_small, layout_cathedral_of_symmetry,
          st_stairs_4
Zot:5:    layout_cathedral_of_symmetry

Skill      XL: |  1  2  3  4  5  6  7  8  9 10 11 12 13 14 15 16 17 18 19 20 21 22 23 24 25 |
---------------+----------------------------------------------------------------------------+-----
Axes           | 3 4 5 6 8 9 11 14 17 | 17.8
Fighting       | 4 6 7 14 17 18 20 22 | 22.0
Armour         | 6 9 10 12 14 16 17 18 19 22 | 22.8
Evocations     | 5 9 10 12 14 15 16 17 | 17.9
Shields        | 7 12 15 16 20 | 20.5
Throwing       | 3 5 8 10 12 13 14 | 14.2
Maces & Flails | 2 |  2.8
Dodging        | 5 6 7 13 15 | 15.2
Earth Magic    | 7 |  7.5
Transmutations | 4 10 | 10.1

Action                   |  1- 3 |  4- 6 |  7- 9 | 10-12 | 13-15 | 16-18 | 19-21 | 22-24 | 25-27 || total
-------------------------+-------+-------+-------+-------+-------+-------+-------+-------+-------++-------
Melee: War axe           |    81 |   163 |   346 |   287 |    40 |     6 |       |       |       ||   923
       Broad axe         |       |       |       |       |   899 |   947 |  1040 |  1137 |   261 ||  4284
       Morningstar       |       |       |       |       |    12 |       |       |       |       ||    12
       Staff             |       |       |       |       |       |       |       |     1 |       ||     1
Throw: Stone             |     7 |    25 |    39 |    37 |       |       |       |       |       ||   108
       Dart              |       |       |       |    35 |   233 |       |       |       |       ||   268
       Javelin           |       |       |       |       |    35 |    46 |     3 |    15 |     6 ||   105
       Boomerang         |       |       |       |       |    18 |   277 |   300 |   205 |       ||   800
       Throwing net      |       |       |       |       |       |       |       |     2 |     1 ||     3
Invok: Call Merchant     |       |       |       |     1 |       |       |       |       |       ||     1
       Bribe Branch      |       |       |       |       |     1 |     1 |     1 |     3 |     1 ||     7
       Potion Petition   |       |       |       |       |       |     7 |     1 |       |     2 ||    10
 Abil: Evoke Blink       |       |       |       |       |       |     2 |       |     1 |       ||     3
Evoke: Wand              |       |       |     6 |    54 |    66 |    54 |    20 |    11 |     5 ||   216
       Box of beasts     |       |       |       |     1 |     6 |    10 |     7 |    11 |     1 ||    36
       Condenser vane    |       |       |       |     1 |     5 |    12 |    12 |    11 |     3 ||    44
       Tin of tremorston |       |       |       |       |     2 |    12 |    12 |     7 |     2 ||    35
       Phantom mirror    |       |       |       |       |       |       |     4 |     6 |     2 ||    12
       Phial of floods   |       |       |       |       |       |       |     3 |     6 |     1 ||    10
  Use: Scroll            |     4 |     6 |     8 |    16 |     5 |    16 |    10 |     8 |     6 ||    79
       Potion            |       |     2 |       |     2 |     2 |    21 |     4 |     9 |     4 ||    44
 Stab: Distracted        |       |       |     1 |     1 |     4 |     8 |     8 |    32 |     2 ||    56
       Petrified         |       |       |       |       |     2 |       |       |       |       ||     2
       Invisible         |       |       |       |       |       |    27 |    14 |       |       ||    41
       Paralysed         |       |       |       |       |       |     5 |     2 |       |       ||     7
       Confused          |       |       |       |       |       |       |     5 |     1 |       ||     6
       Petrifying        |       |       |       |       |       |       |     1 |       |       ||     1
Armor: Scale mail        |    41 |    11 |       |       |       |       |       |       |       ||    52
       Chain mail        |       |    68 |   133 |    29 |       |       |       |       |       ||   230
       Skin              |       |    18 |       |       |       |       |       |       |       ||    18
       Plate armour      |       |       |       |    48 |   112 |   617 |   482 |   532 |   223 ||  2014
       Swamp dragon scal |       |       |       |    28 |   148 |       |       |       |       ||   176
Dodge: Dodged            |    34 |    41 |    95 |    97 |   295 |   288 |   224 |   376 |   145 ||  1595
Block: Buckler           |    30 |    78 |   164 |   146 |    20 |       |       |       |       ||   438
       Reflection        |       |       |     1 |     9 |    86 |    16 |    45 |    15 |       ||   172
       Kite shield       |       |       |       |       |   658 |   679 |   858 |   862 |   212 ||  3269

Table legend: (Time is in decaauts)
 A = Elapsed time spent in this place.
 B = Non-inter-level travel time spent in this place.
 C = Inter-level travel time spent in this place.
 D = Time resting spent in this place.
 E = Time spent auto-exploring this place.
 F = Levels seen in this place.
 G = Mean time per level.
                   A        B        C        D        E       F      G
               +--------+--------+--------+--------+--------+-----+--------+
         Total |  91319 |  83731 |   7588 |  27772 |  38045 |  55 | 1660.3 |
       Dungeon |  20330 |  17581 |   2749 |   5229 |   9077 |  15 | 1355.3 |
          Lair |  10712 |   9608 |   1104 |   2029 |   5688 |   6 | 1785.3 |
         Swamp |   5539 |   5288 |    251 |   2132 |   1944 |   4 | 1384.8 |
   Spider Nest |   8008 |   7464 |    544 |   2778 |   2957 |   4 | 2002.0 |
  Orcish Mines |   2120 |   1873 |    247 |     53 |   1135 |   2 | 1060.0 |
   Elven Halls |   6181 |   5791 |    390 |   2540 |   2125 |   3 | 2060.3 |
        Vaults |  12752 |  11862 |    890 |   3563 |   5682 |   5 | 2550.4 |
         Crypt |   4040 |   3924 |    116 |    533 |   2223 |   3 | 1346.7 |
        Depths |   9879 |   8990 |    889 |   4170 |   3043 |   4 | 2469.8 |
           Zot |   9179 |   8775 |    404 |   3440 |   3663 |   5 | 1835.8 |
        Bazaar |     66 |     66 |      0 |      0 |     39 |   1 |   66.0 |
         Sewer |    489 |    489 |      0 |    199 |    148 |   1 |  489.0 |
       Ossuary |   1530 |   1530 |      0 |    862 |    272 |   1 | 1530.0 |
        Bailey |    488 |    488 |      0 |    242 |     46 |   1 |  488.0 |
               +--------+--------+--------+--------+--------+-----+--------+

Top non-repeatable levels by time:
Vaults:4: 3347 daAuts
Depths:3: 3115 daAuts
Depths:4: 2966 daAuts
   Zot:2: 2785 daAuts
Vaults:3: 2637 daAuts
Spider:1: 2558 daAuts
   Elf:3: 2458 daAuts
Vaults:2: 2401 daAuts
  Lair:6: 2330 daAuts
 Swamp:4: 2308 daAuts
Spider:3: 2241 daAuts
Vaults:1: 2210 daAuts
Vaults:5: 2155 daAuts
   Zot:3: 2148 daAuts
   Elf:2: 2070 daAuts
